 Dungeon Crawl Stone Soup version 0.19-a0-585-ge40200b (webtiles) character file.

54 shmeve the Skirmisher (level 3, -2/29 HPs)
             Began as a Vampire Fighter on June 10, 2016.
             Killed by nerve-wracking pain
             ... invoked by Grinder
              (11 damage)
             ... on level 3 of the Dungeon.
             The game lasted 00:03:33 (1690 turns).

shmeve the Skirmisher (Vampire Fighter)             Turns: 1690, Time: 00:03:34

Health: -2/29      AC:  6    Str: 16    XL:     3   Next: 66%
Magic:  3/3        EV:  7    Int: 10    God:
Gold:   97         SH:  9    Dex: 13    Spells: 0 memorised, 2 levels left

rFire  . . .     SeeInvis +     a - +0 war axe
rCold  . . .     Gourm    .     b - +0 scale mail
rNeg   . . .     Faith    .     c - +0 shield
rPois  .         Spirit   .     (no helmet)
rElec  .         Dismiss  .     (no cloak)
rCorr  .         Reflect  .     (no gloves)
SustAt .         Harm     .     (no boots)
MR     .....                    (no amulet)
Stlth  ..........               (no ring)
                                (no ring)

@: regenerating very quickly, not resistant to hostile enchantments, extremely
unstealthy
A: fangs 3, see invisible, unbreathing
a: no special abilities


You were on level 3 of the Dungeon.
You were almost alive.

You visited 1 branch of the dungeon, and saw 3 of its levels.

You collected 97 gold pieces.

Inventory:

Hand Weapons
 a - a +0 war axe (weapon)
Armour
 b - a +0 scale mail (worn)
 c - a +0 shield (worn)
Scrolls
 f - a scroll of blinking {unknown}
 g - 3 scrolls of fog {unknown}
 h - 5 scrolls of remove curse {unknown}
 i - 4 scrolls of identify {unknown}
 k - a scroll of enchant armour {unknown}
 l - a scroll of fear {unknown}
Potions
 d - 2 potions of might
 e - a potion of blood
 j - a potion of brilliance {unknown}
 m - 2 potions of invisibility {unknown}


   Skills:
 * Level 3.1 Fighting
 * Level 2.4 Axes
 + Level 2.5 Armour
 + Level 1.2 Dodging
 * Level 3.1 Shields


You had 2 spell levels left.
You didn't know any spells.

Dungeon Overview and Level Annotations

Branches:
Dungeon (3/15)

Altars:
Hepliaklqana
Qazlal

Annotations:
D:3 Grinder


Innate Abilities, Weirdness & Mutations

Your natural rate of healing is extremely fast.
You have razor-sharp teeth.
You have supernaturally acute eyesight. (SInv)
You can survive without breathing.


Message History

You slash the goblin!
You kill the goblin!
Grinder gestures at you.
You shrug off the repeated paralysis!
You slash Grinder!
Grinder is moderately wounded.
You block Grinder's attack.
You closely miss Grinder.
Grinder is moderately wounded.
Grinder barely misses you.
Grinder says, "Tell me all your secrets, or I'll kill you."
Grinder hits you.
You writhe in agony.
You barely miss Grinder.
Grinder is moderately wounded.
You block Grinder's attack.
You slash Grinder!
Grinder is heavily wounded.
Grinder gestures at you. Pain shoots through your body!
You die...

##.....##.###....
##.......#<.......
#.........####...#
+.........'.......
#.........####...#
#.......## #
##.....## ##...##
##@## #5# #.# #.#
... ... ... ##.##


You could see Grinder.

Vanquished Creatures
  An adder (D:2)
  A gnoll (D:1)
  A dart slug (D:1)
  A ball python (D:2)
  8 goblins
  4 hobgoblins
  3 bats (D:1)
  3 giant newts (D:1)
  6 kobolds
  2 rats
30 creatures vanquished.

Notes
Turn   | Place    | Note
--------------------------------------------------------------
     0 | D:1      | shmeve the Vampire Fighter began the quest for the Orb.
     0 | D:1      | Reached XP level 1. HP: 17/17 MP: 1/1
   492 | D:1      | Reached XP level 2. HP: 22/23 MP: 2/2
   823 | D:1      | Reached skill level 1 in Dodging
   879 | D:1      | Reached XP level 3. HP: 27/29 MP: 3/3
  1124 | D:2      | Found a stormy altar of Qazlal.
  1210 | D:2      | Found a hazy altar of Hepliaklqana.
  1676 | D:3      | Noticed Grinder
  1680 | D:3      | Paralysed by Grinder for 6 turns
  1690 | D:3      | Killed from afar by Grinder

Vault maps used:
D:1:      nagdon_arrival_double_spiral, st_stairs_9
D:2:      overflow_temple_1_default, first_bread, grunt_qazlal_clouds
D:3:      fedhas_altar_1, nemelex_xobeh_ov_fountains_minmay,
          nemelex_spade_bored_becter, uniq_grinder, uniq_terence, uniq_robin,
          uniq_jessica

Skill      XL: |  1  2  3 |
---------------+----------+-----
Fighting       | 3 |  3.1
Axes           | 2 |  2.4
Dodging        | 1 |  1.2
Shields        | 3 |  3.1
Armour         | |  2.5

Action                   || total
-------------------------++-------
Melee: War axe           ||   122
       Bite              ||    10
  Use: Potion            ||     4
  Eat: Corpse            ||     9
Armor: Scale mail        ||    66
Dodge: Dodged            ||    44
Block: Shield            ||    60
